Map: [ESL] Goldenaura

Players

DnS - Winner!

  • Race: Protoss Protoss
  • Spawn Location: 12:00

PAPl

  • Race: Protoss Protoss
  • Spawn Location: 5:00

Event: ESL SC2 Masters 2023 Winter (Regional)

VOD

Have the link to the VOD?

Description

Time

  • Played on: Nov. 2, 2023, 12:42 p.m.
  • Length: 4:32

All games in this series

Show
View Real Time Build Order
Export as new Build Order

DnS Protoss - Winner!

Build Orders: Oracle Opening 

Get SALT Encoding   

  12  0:00  Probe  
  13  0:12  Probe  
  14  0:17  Pylon  
  14  0:24  Probe (Chrono Boost)  
  15  0:36  Probe (Chrono Boost)  
  15  0:37  Gateway  
  16  0:44  Probe (Chrono Boost)  
  16  0:46  Assimilator  
  17  0:51  Probe  
  17  0:55  Assimilator  
  18  1:03  Probe (Chrono Boost)  
  19  1:07  Gateway  
  19  1:12  Probe (Chrono Boost)  
  19  1:17  Probe (Chrono Boost)  
  20  1:24  Cybernetics Core  
  21  1:29  Probe  
  22  1:36  Pylon  
  22  1:41  Probe  
  23  2:02  Stargate  
  23  2:04  Adept x2  
  23  2:07  Warp Gate  
  27  2:12  Probe  
  28  2:17  Pylon  
  28  2:34  Stalker  
  30  2:43  Oracle (Chrono Boost)  
  33  2:54  Shield Battery  
  33  3:09  Nexus  
  33  3:26  Probe  
  34  3:30  Twilight Council  
  34  3:32  Pylon  
  32  3:45  Probe  
Show
View Real Time Build Order
Export as new Build Order

PAPl Protoss 

Build Orders: Phoenix Opening 

Get SALT Encoding   

  12  0:00  Probe  
  13  0:12  Probe  
  14  0:17  Pylon  
  14  0:24  Probe (Chrono Boost)  
  15  0:37  Probe (Chrono Boost)  
  15  0:38  Gateway  
  16  0:45  Probe (Chrono Boost)  
  16  0:46  Assimilator  
  17  0:51  Probe  
  17  0:55  Assimilator  
  18  1:03  Probe (Chrono Boost)  
  19  1:10  Gateway  
  19  1:13  Probe (Chrono Boost)  
  20  1:18  Probe (Chrono Boost)  
  21  1:27  Cybernetics Core  
  21  1:29  Probe  
  22  1:41  Probe  
  22  1:42  Pylon  
  23  2:00  Probe  
  24  2:03  Stargate  
  24  2:05  Adept x2  
  28  2:12  Warp Gate  
  28  2:18  Pylon  
  28  2:23  Probe  
  29  2:46  Phoenix (Chrono Boost)  
  31  2:52  Stalker  
  33  3:01  Nexus  
  33  3:12  Probe  
  27  3:24  Probe  
  25  3:36  Probe  
  26  3:48  Probe  
  23  4:00  Probe  
Tags
 
Add a new tag
Caveats
  • Supply blocks, unpowered buildings, or Contaminate may cause inaccurate times.
  • Supply counts are checked every 10 seconds.